 BcadrenCrawl: Boulder Brew version 0.03.3.1-31-gd4c2611de9 (webtiles) character file.

Game seed: 16085282188068599397, levelgen mode: deterministic

10 Chiseanne the Ducker (level 2, 18/19 HPs) Goblin Demonspawn. Began on Mar 19, 2021. Quit the game on level 1 of the Dungeon. The game lasted 00:00:17 (75 turns).

Chiseanne the Ducker (Goblin Demonspawn)              Turns: 75, Time: 00:00:18

Health: 18/19      AC:  3    Str:  8    XL:     2 ^: 14
Magic:  3/3        EV: 14    Int:  6    God:
Gold:   0          SH:  0    Dex:  6    Spells: 2/3 levels left

rFire    . . .     Vision   .   a - +0 rapier
rCold    . . .     Gourm    .   e - +0 mace
rNeg     . . .     Faith    .   b - +0 leather armour
rPois    .         Spirit   .   (helmet restricted)
rElec    .         Reflect  .   (no cloak)
rCorr    .         Harm     .   (no gloves)
MR       .....                  (no boots)
Stlth    +.........             (no amulet)
HPRegen  0.16/turn              (no ring)
MPRegen  0.13/turn              (no ring)

@: no status effects
A: small, stagnant stats, goblin's greed, antennae 1, low mp 1, mutation
resistance 1, god's pity 2
a: no special abilities


You were on level 1 of the Dungeon.
You were not hungry.

You visited 1 branch of the dungeon, and saw 1 of its levels.

Inventory:

Weapons
 a - a +0 rapier (weapon)
 e - a +0 mace (weapon)
Armour
 b - a +0 leather armour (worn)
Potions
 c - a potion of curing
Comestibles
 d - a ration


   Skills:
 * Level 2.0 Fighting
 - Level 2.6 Short Blades
 + Level 0.7 Armour
 * Level 4.3 Dodging
 - Level 2.6 Stealth
 - Level 1.3 Spellcasting
 - Level 2.6 Fire Magic
   Level 4.0 Invocations


You had 2 spell levels left.
You knew the following spells:

 Your Spells              Type           Power        Failure   Level  Hunger
a - Flame Tongue          Fire           3 (30)       17%         1    ##.....

Your spell library contained the following spells:

 Spells                   Type           Power        Failure   Level  Hunger
 Blink                    Tloc           N/A          61%         2    ###....
 Call Imp                 Summ           0 (100)      61%         2    ###....
 Slow                     Hex            0 (100)      61%         2    ###....
 Conjure Flame            Fire           3 (100)      45%         3    ####...
 Mephitic Cloud           Pois/Air       0 (100)      83%         3    ####...


Dungeon Overview and Level Annotations

Branches:
Dungeon (1/8)

Altars:


Innate Abilities, Weirdness & Mutations

Your stats never grow through leveling.
Your goblin ancestry allows you to find more gold. (+20%)
You are small and have problems with some larger weapons.
You have a pair of small antennae on your head.
Your magical capacity is low. (-10% MP)
You are somewhat resistant to further mutation.
The pity of the gods increases the power of your passive and invoked divine abilities.


Message History

The cinder newt barely misses you (0). x3
You barely miss the cinder newt. You closely miss the cinder newt.
The cinder newt barely misses you (0). x3
You closely miss the cinder newt. You miss the cinder newt.
The cinder newt barely misses you (0). The cinder newt bites you (0). x2
You closely miss the cinder newt. You barely miss the cinder newt.
The cinder newt bites you (1). x2
You closely miss the cinder newt. You miss the cinder newt.
The cinder newt closely misses you (0). x3
You barely miss the cinder newt. You closely miss the cinder newt.
The cinder newt closely misses you (0). The cinder newt barely misses you (0).
You closely miss the cinder newt. x2; The cinder newt misses you (0). x2
The cinder newt closely misses you (0).
You hit the cinder newt (3). You thump the cinder newt (8)!
You kill the cinder newt!
Your Fighting skill increases to level 2!
You have reached level 2!
Your demonic ancestry asserts itself...
A pair of antennae grows on your head!
Are you sure you want to abandon this character and quit the game? (Confirm with "yes".)

#..'. ##.### #..##i
#.#### ##.# ####### #..#
#.....# ##.##
######..)..######..#
......†@..........## ###
..?###.....#.#.....#....
...............†......
..###!....##......#....
#.....##......#....
#########.....# ...
#.$...# .. #.#...# ..
#.......


There were no monsters in sight!

Vanquished Creatures
  A cinder newt (D:1)
  A goblin (D:1)
  A kobold (D:1)
  A ball python (D:1)
4 creatures vanquished.

Notes
Turn   | Place    | Note
-------+----------+-------------------------------------------
     0 | D:1      | Chiseanne the Goblin Demonspawn began the quest for the
                  | Orb.
     0 | D:1      | Reached XP level 1. HP: 13/13 MP: 2/2
     2 | D:1      | Noticed a troll
     2 | D:1      | Noticed a naga
     4 | D:1      | Noticed a draconian
     4 | D:1      | Noticed a dwarf
     6 | D:1      | Noticed a demigod
     8 | D:1      | Noticed a tengu
    10 | D:1      | Noticed a human
    12 | D:1      | Noticed a mummy
    12 | D:1      | Noticed a felid
    14 | D:1      | Noticed a demonspawn
    14 | D:1      | Noticed a ghoul
    16 | D:1      | Noticed a centaur
    16 | D:1      | Noticed a vine stalker
    18 | D:1      | Noticed an elf
    18 | D:1      | Noticed an ogre
    21 | D:1      | Noticed a minotaur
    21 | D:1      | Noticed a merfolk
    23 | D:1      | Noticed a vampire
    25 | D:1      | Noticed a gargoyle
    25 | D:1      | Noticed an octopode
    27 | D:1      | Noticed a formicid
    27 | D:1      | Noticed a spriggan
    74 | D:1      | Gained mutation: You have a pair of small antennae on your
                  | head. [demonic ancestry]
    74 | D:1      | Reached XP level 2. HP: 18/19 MP: 3/3
    75 | D:1      | Quit the game

Levels and vault maps discovered:
D:1:      kb_arrival_jail, layout_basic

Skill      XL: |  1 |
---------------+----+-----
Fighting       | 2 |  2.0
Short Blades   | |  2.6
Armour         | |  0.7
Dodging        | |  4.3
Stealth        | |  2.6
Spellcasting   | |  1.3
Fire Magic     | |  2.6
Invocations    | |  4.0

Action                   || total
-------------------------++-------
Melee: Rapier            ||    19
       Mace              ||    17
 Stab: Sleeping          ||     1
Armor: Leather armour    ||     6
Dodge: Dodged            ||    37
